 Dungeon Crawl Stone Soup version 0.18-a0-801-gb01a236 (webtiles) character file.

11378 JokEr the Fighter (level 11, -6/85 HPs)
             Began as an Octopode Fighter on Dec 14, 2015.
             Was a High Priest of Makhleb.
             Killed from afar by an oklob plant (9 damage)
             ... with a splash of acid
             ... on level 1 of the Lair of Beasts.
             The game lasted 00:38:30 (14527 turns).

JokEr the Fighter (Octopode Fighter)               Turns: 14527, Time: 00:38:31

Health: -6/85      AC: -3    Str: 19    XL:     11   Next: 76%
Magic:  11/11      EV: 14    Int: 16    God:    Makhleb [*****.]
Gold:   555        SH: 10    Dex: 17    Spells: 0 memorised, 10 levels left

rFire  . . .     SeeInvis .     c - +4 war axe
rCold  . . .     Clarity  .     n - +1 shield
rNeg   . . .     SustAt   .     (helmet restricted)
rPois  .         Gourm    .     (no amulet)
rElec  .         Spirit   .     f - ring of wizardry
rCorr  .         Dismiss  .     l - +6 ring of intelligence
rMut   .         Stasis   .     D - +5 ring of dexterity
MR     .....                    (no ring)
Stlth  +++++.....               (no ring)
                                (no ring)
                                (no ring)
                                (no ring)

@: corroded equipment, not resistant to hostile enchantments, quite stealthy
A: almost no armour, amphibious, 8 rings, constrict 8, camouflage 1, gelatinous
body 1
a: Minor Destruction, Lesser Servant of Makhleb, Major Destruction, Greater
Servant of Makhleb, Renounce Religion


You were on level 1 of the Lair of Beasts.
You worshipped Makhleb.
Makhleb was extremely pleased with you.
You were not hungry.

You visited 2 branches of the dungeon, and saw 11 of its levels.

You collected 555 gold pieces.

Inventory:

Hand Weapons
 c - a +4 war axe (weapon)
Armour
 b - a +0 shield
 n - a +1 shield (worn)
Jewellery
 a - an uncursed amulet of dismissal
 f - a ring of wizardry (left tentacle)
 l - a +6 ring of intelligence (right tentacle)
 D - a +5 ring of dexterity (on tentacle)
Wands
 j - a wand of teleportation (1)
 y - a wand of enslavement (11)
 A - a wand of slowing (17)
 E - a wand of random effects (15)
 F - a wand of frost (14)
 J - a wand of lightning (7)
 K - a wand of enslavement (17)
Scrolls
 k - 2 scrolls of teleportation
 r - a scroll of blinking {unknown}
 s - 3 scrolls of magic mapping
 x - 2 scrolls of identify
 z - 2 scrolls of enchant weapon
 I - 4 scrolls of remove curse
Potions
 h - 2 potions of lignification {unknown}
 i - 4 potions of degeneration {unknown}
 o - 2 potions of cancellation
 p - a potion of berserk rage {unknown}
 q - a potion of flight {unknown}
 t - 2 potions of brilliance {unknown}
 u - 2 potions of haste {unknown}
 G - a potion of cure mutation {unknown}
 L - a potion of beneficial mutation {unknown}
Books
 e - a book of Callings

   Spells                             Type                      Level
   a - Summon Small Mammal            Summoning                    1
   b - Call Imp                       Summoning                    2
   c - Call Canine Familiar           Summoning                    3
   d - Summon Guardian Golem          Hexes/Summoning              3
   e - Summon Lightning Spire         Summoning/Air                4
   f - Summon Ice Beast               Ice/Summoning                4
 g - a book of Maledictions

   Spells                             Type                      Level
   a - Corona                         Hexes                        1
   b - Ensorcelled Hibernation        Hexes/Ice                    2
   c - Confuse                        Hexes                        3
   d - Tukima's Dance                 Hexes                        3
   e - Dazzling Spray                 Conjuration/Hexes            3
 v - a book of Clouds

   Spells                             Type                      Level
   a - Mephitic Cloud                 Conjuration/Poison/Air       3
   b - Conjure Flame                  Conjuration/Fire             3
   c - Poisonous Cloud                Conjuration/Poison/Air       6
   d - Freezing Cloud                 Conjuration/Ice/Air          6
   e - Ring of Flames                 Charms/Fire                  7
 C - a book of Cantrips

   Spells                             Type                      Level
   a - Corona                         Hexes                        1
   b - Animate Skeleton               Necromancy                   1
   c - Summon Small Mammal            Summoning                    1
   d - Apportation                    Translocation                1
 H - a book of Geomancy

   Spells                             Type                      Level
   a - Sandblast                      Earth                        1
   b - Stoneskin                      Transmutation/Earth          2
   c - Passwall                       Transmutation/Earth          3
   d - Stone Arrow                    Conjuration/Earth            3
   e - Petrify                        Transmutation/Earth          4
   f - Lee's Rapid Deconstruction     Earth                        5
Comestibles
 d - 7 bread rations
 m - 3 meat rations
 w - a beef jerky
 B - a slice of pizza
 M - 9 royal jellies


   Skills:
 + Level 12.0 Fighting
 + Level 11.9 Axes
 - Level 6.9 Dodging
 - Level 5.6 Stealth
 - Level 3.0 Shields


You had 10 spell levels left.
You didn't know any spells.

Dungeon Overview and Level Annotations

Branches:
Dungeon (10/15)            Temple (0/1) D:7            Lair (1/8) D:9
    Orc (0/2) D:9

Altars:
Cheibriados
Dithmenos
Makhleb
Okawaru
Qazlal
Ru
Sif Muna
Trog
Xom
Zin
The Shining One
Jiyva

Shops:
D:8 %

Annotations:
D:5 JokEr's ghost, novice GrFi
Lair:1 exclusion: oklob plant


Innate Abilities, Weirdness & Mutations

You cannot wear most types of armour.
You are amphibious.
You can wear up to eight rings at the same time.
You can use your tentacles to constrict eight enemies at once.
Your skin changes colour to match your surroundings (Stealth).
Your rubbery body absorbs attacks (AC +1).


Message History

A demon appears!
It doesn't seem very happy.
You feel slightly more hungry.
You constrict the oklob plant. The oklob plant spits acid at you.
The splash of acid hits you!
The acid burns!
* * * LOW HITPOINT WARNING * * *
You hit the oklob plant but do no damage.
The oklob plant is heavily damaged.
You hit the neqoxec.
The neqoxec is lightly wounded.
You constrict the oklob plant. The neqoxec hits you!
* * * LOW HITPOINT WARNING * * *
You hit the oklob plant but do no damage.
The oklob plant is severely damaged.
You hit the neqoxec but do no damage.
The neqoxec is lightly wounded.
You constrict the oklob plant. The oklob plant spits acid at you.
The splash of acid hits you!
You die...

..........# #..# #.#P≈♣#
##........####### #..#
####.....#.##.##.##..###.#.
#.......................
#......#.###.###.####.#......
#......#########.## #......
#.......#..%/$##.P# ##......
#......#.##!.3##..# #P......
...........####.@P##..# .....#
...........# ######..#####...#..
..............####...###.##...#..
..............................#..
####..........................###
#.......##..##..####..........
##..∩...# # #.P ...+.........
#......#.........
#.#....#.........


You could see an oklob plant and a neqoxec.

Vanquished Creatures
  2 deep elf magi (D:10)
  Maurice (D:9)
  A centaur zombie (D:10)
  A spiny frog (Lair:1)
  A two-headed ogre (D:10)
  A slime creature (D:10)
  Grinder (D:3)
  3 blink frogs (Lair:1)
  5 hippogriffs
  Grum (D:10)
  A hungry ghost (D:10)
  4 wolves (D:10)
  An ice beast (D:10)
  12 ogres
  A sky beast (D:9)
  2 necrophages
  A black bear (D:9)
  4 orc warriors
  2 wasps
  A phantom (D:6)
  5 centaurs
  A big kobold (D:10)
  2 crocodiles
  13 giant frogs
  9 jellies
  A water moccasin zombie (D:5)
  3 scorpions
  15 wights
  6 orc priests
  6 crimson imps
  13 orc wizards
  A quasit (D:5)
  5 giant frog zombies
  6 hounds
  Crazy Yiuf (D:6)
  5 iguanas
  8 worker ants
  2 hound zombies
  3 hound skeletons
  3 worker ant zombies
  3 gnolls (D:6)
  6 adders
  3 shadow imps
  8 white imps (Lair:1)
  7 oozes
  An adder zombie (D:5)
  4 worms
  5 giant geckos
  58 orcs
  3 giant cockroaches
  15 goblins
  6 hobgoblins
  12 jackals
  11 kobolds
  A quokka (D:3)
  7 bats
  3 giant newts
  A jackal skeleton (D:8)
  A jackal zombie (D:5)
  A quokka skeleton (D:5)
  6 rats
  A plant (Lair:1)
317 creatures vanquished.

Vanquished Creatures (collateral kills)
  A hydra (Lair:1)
  4 white imps (Lair:1)
5 creatures vanquished.

Grand Total: 322 creatures vanquished

Notes
Turn   | Place    | Note
--------------------------------------------------------------
     0 | D:1      | JokEr the Octopode Fighter began the quest for the Orb.
     0 | D:1      | Reached XP level 1. HP: 16/16 MP: 1/1
   356 | D:1      | Reached XP level 2. HP: 21/21 MP: 2/2
   573 | D:2      | Reached skill level 1 in Stealth
   585 | D:1      | Reached XP level 3. HP: 6/26 MP: 3/3
  1046 | D:2      | Found a snail-covered altar of Cheibriados.
  1426 | D:2      | Found a faded altar to an unknown god.
  1775 | D:3      | Found a deep blue altar of Sif Muna.
  1798 | D:3      | Reached XP level 4. HP: 32/32 MP: 4/4
  1988 | D:3      | Found a sacrificial altar of Ru.
  2053 | D:3      | Noticed Grinder
  2064 | D:3      | Killed Grinder
  2064 | D:3      | Reached skill level 4 in Fighting
  2064 | D:3      | Reached XP level 5. HP: 8/38 MP: 5/5
  2064 | D:3      | Reached XP level 6. HP: 9/44 MP: 6/6
  2648 | D:3      | Reached skill level 5 in Stealth
  3315 | D:4      | Found a stormy altar of Qazlal.
  3315 | D:4      | Found a shadowy altar of Dithmenos.
  3315 | D:4      | Found a glowing silver altar of Zin.
  3316 | D:4      | Found an iron altar of Okawaru.
  3389 | D:4      | Reached skill level 5 in Fighting
  3389 | D:4      | Reached XP level 7. HP: 45/50 MP: 7/7
  3526 | D:4      | Found an iron altar of Okawaru.
  3838 | D:5      | Entered Level 5 of the Dungeon
  3839 | D:5      | Noticed JokEr's ghost (novice GrFi)
  3915 | D:5      | Reached skill level 5 in Axes
  4955 | D:4      | Reached XP level 8. HP: 57/57 MP: 8/8
  5238 | D:5      | Reached skill level 6 in Fighting
  6019 | D:6      | Reached skill level 5 in Dodging
  6491 | D:6      | Noticed Crazy Yiuf
  6498 | D:6      | Killed Crazy Yiuf
  6498 | D:6      | Reached skill level 7 in Fighting
  6500 | D:6      | Got a dazzling mace
  6501 | D:6      | Identified the cursed +2 mace of the Blind Eye {flame, -Tele rPois MP+9 Str+5} (You found it on level 6 of the Dungeon)
  6610 | D:6      | Reached XP level 9. HP: 62/64 MP: 9/9
  7658 | D:6      | Found a glowing golden altar of the Shining One.
  7705 | D:6      | Found a burning altar of Makhleb.
  7774 | D:6      | Became a worshipper of Makhleb the Destroyer
  8008 | D:7      | Reached skill level 8 in Fighting
  8480 | D:7      | Found a shimmering altar of Xom.
  8553 | D:7      | Found a staircase to the Ecumenical Temple.
  8645 | D:7      | Found a bloodstained altar of Trog.
  8775 | D:8      | Reached * piety under Makhleb
  9050 | D:8      | Reached XP level 10. HP: 64/73 MP: 10/10
  9152 | D:8      | Reached skill level 9 in Fighting
  9292 | D:8      | Found Gisaibeic's Food Shoppe.
  9716 | D:8      | Reached ** piety under Makhleb
  9890 | D:8      | Identified a scroll of acquirement
 10038 | D:9      | Found a burning altar of Makhleb.
 10080 | D:9      | Found a staircase to the Lair.
 10757 | D:9      | Noticed Maurice
 10776 | D:9      | Killed Maurice
 11055 | D:9      | Reached skill level 10 in Fighting
 11302 | D:9      | Reached *** piety under Makhleb
 11315 | D:9      | Found a staircase to the Orcish Mines.
 11454 | D:9      | Reached skill level 10 in Axes
 11725 | D:10     | Entered Level 10 of the Dungeon
 12092 | D:10     | Reached XP level 11. HP: 77/81 MP: 11/11
 12339 | D:10     | Reached **** piety under Makhleb
 12382 | D:10     | Reached skill level 11 in Fighting
 12416 | D:10     | Noticed Grum
 12720 | D:10     | Killed Grum
 13132 | D:10     | Found a viscous altar of Jiyva.
 13520 | Lair:1   | Entered Level 1 of the Lair of Beasts
 13747 | Lair:1   | Noticed an eight-headed hydra
 13985 | Lair:1   | Noticed an eight-headed hydra
 14054 | Lair:1   | Reached ***** piety under Makhleb
 14111 | Lair:1   | Killed a ten-headed hydra
 14111 | Lair:1   | Reached skill level 12 in Fighting
 14143 | Lair:1   | Found a frozen archway.
 14526 | Lair:1   | HP: 3/85 [neqoxec[the player character] (12)]
 14527 | Lair:1   | Killed from afar by an oklob plant

Vault maps used:
D:1:      dpeg_arrival_tiny_i
D:2:      cheibriados_altar_1, ecumenical_altar_2
D:3:      nicolae_overflow_crystal_walls, nicolae_ru_sacrificial_ziggurat,
          uniq_grinder
D:4:      grunt_temple_overflow_open, okawaru_metal_pillars_1_2
D:5:      serial_undead, serial_undead_a, serial_undead_f, serial_undead_c,
          serial_undead_d, first_bread
D:6:      lightli_temple_of_fire, kennysheep_little_box, uniq_crazy_yiuf_cottage
D:7:      minmay_temple_entry_glassed_door, basic_altar, trog_hazing_becter
D:8:      serial_shops, nicolae_shop_window_shopping, dk_noncrumbling_4
D:9:      lair_0_dummy, hiddenorc1_lemuel, hangedman_little_slice_of_home,
          makhleb_heckhound_becter, uniq_maurice
D:10:     jiyva_altar_1, uniq_grum
Lair:1:   minmay_lair_oklob_items, portal_ice_cave_entry_imps,
          serial_bayou_pond_d, serial_bayou_shore_b

Action                   |  1- 3 |  4- 6 |  7- 9 | 10-12 || total
-------------------------+-------+-------+-------+-------++-------
Melee: War axe           |    68 |    49 |   157 |   343 ||   617
       Mace              |       |       |   117 |       ||   117
Invok: Minor Destruction |       |       |       |    10 ||    10
       Lesser Servant of |       |       |       |     2 ||     2
  Use: Scroll            |     8 |     2 |     8 |     6 ||    24
       Potion            |       |     1 |     1 |     8 ||    10
 Stab: Sleeping          |     8 |     6 |    21 |    26 ||    61
       Distracted        |     1 |       |     1 |     2 ||     4
  Eat: Chunk             |     3 |     3 |     9 |     6 ||    21
       Bread ration      |       |       |     1 |     2 ||     3
       Pizza             |       |       |     2 |     1 ||     3
       Meat ration       |       |       |     1 |       ||     1
       Fruit             |       |       |       |     1 ||     1
       Royal jelly       |       |       |       |     1 ||     1
